Map: Magma Mines

Players

ABTOHOM

  • Race: Zerg Zerg
  • Spawn Location: 3:00

Манекенщик

  • Race: Terran Terran
  • League: Platinum
  • Spawn Location: 1:00

Musumeci - Winner!

  • Race: Zerg Zerg
  • League: Diamond
  • Spawn Location: 9:00

MichyMoko - Winner!

  • Race: Zerg Zerg
  • Spawn Location: 11:00

VOD

Have the link to the VOD?

Description

Time

  • Played on: March 26, 2017, 10:56 a.m.
  • Length: 20:52
Show
View Real Time Build Order
Export as new Build Order

ABTOHOM Zerg 

Build Orders: Hatch First 

Get SALT Encoding   

  12  0:01  Drone  
  13  0:08  Drone  
  14  0:19  Overlord  
  14  0:37  Drone x2  
  14  0:38  Drone  
  17  0:58  Hatchery  
  16  1:07  Drone x2  
  18  1:26  Drone x2  
  18  1:30  Extractor  
  18  1:31  Extractor  
  18  1:42  Drone  
  19  2:02  Drone x2  
  21  2:17  Drone x2  
  23  2:33  Drone  
  23  2:35  Drone  
  23  2:36  Drone x2  
  27  2:38  Extractor  
  27  2:39  Extractor  
  27  2:43  Spawning Pool  
  23  2:58  Drone x4  
  27  3:15  Drone  
  27  3:18  Overlord  
  27  3:19  Overlord  
  28  3:28  Evolution Chamber x2  
  28  3:32  Drone  
  28  3:33  Drone  
  28  3:43  Drone  
  28  3:44  Drone x3  
  28  3:46  Lair  
  32  4:04  Drone  
  32  4:06  Drone  
  32  4:07  Drone x2  
  32  4:08  Zerg Ground Armor Level 1  
  32  4:09  Zerg Missile Weapons Level 1  
  36  4:38  Queen  
  36  4:39  Roach Warren  
  37  4:51  Queen  
  39  5:00  Hydralisk Den  
  38  5:14  Queen  
  38  5:19  Roach x2  
  44  5:22  Overlord x2  
  44  5:24  Spine Crawler  
  44  5:25  Spine Crawler  
  44  5:28  Spine Crawler  
  41  5:29  Roach  
  41  5:33  Roach x2  
  31  6:02  Drone x5  
  31  6:03  Drone x2  
  32  6:23  Roach x5, Queen  
  32  6:24  Queen  
  46  6:27  Muscular Augments  
  46  6:33  Glial Reconstitution  
  46  6:34  Zerg Ground Armor Level 2  
  46  6:35  Zerg Missile Weapons Level 2  
  46  7:09  Drone x2  
  46  7:10  Drone x3  
  51  7:26  Drone x2  
  51  7:27  Drone x4  
  51  7:29  Drone x2  
  59  7:50  Drone  
  60  7:52  Overlord x3  
  60  8:15  Spore Crawler  
  60  8:17  Spore Crawler  
  60  8:19  Spore Crawler  
  57  8:20  Spore Crawler  
  57  8:22  Spore Crawler  
  57  8:25  Spore Crawler  
  54  8:32  Drone x2  
  56  8:44  Hydralisk  
  56  8:45  Hydralisk x9  
  77  8:55  Drone x2  
  77  8:56  Drone  
  79  9:14  Hydralisk x2  
  79  9:16  Overlord x3  
  83  9:17  Overlord  
  83  9:22  Hatchery  
  82  9:25  Infestation Pit  
  81  9:45  Ravager  
  81  9:46  Ravager x5  
  81  9:47  Ravager x4  
  37  10:43  Spire  
  36  10:51  Queen  
  36  10:52  Drone x2  
  36  11:56  Mutalisk x7  
  36  11:57  Mutalisk x17  
  84  12:16  Hive  
  84  13:48  Mutalisk x8  
  84  13:49  Mutalisk x2  
  57  15:38  Hatchery  
  22  18:12  Drone x3  
  17  19:57  Drone  
  17  19:58  Drone x2  
Show
View Real Time Build Order
Export as new Build Order

Манекенщик Terran 

Build Orders:  

Get SALT Encoding   

  12  0:01  SCV  
  13  0:13  SCV  
  14  0:20  Supply Depot  
  14  0:25  SCV  
  15  0:41  SCV  
  16  0:46  Barracks  
  16  0:54  SCV  
  17  1:03  Refinery  
  17  1:06  SCV  
  18  1:18  SCV  
  19  1:35  Supply Depot  
  19  1:37  Marine  
  19  1:38  Command Center  
  20  1:45  SCV  
  21  1:54  Marine  
  22  2:08  Bunker  
  22  2:13  Orbital Command  
  22  2:23  Refinery  
  22  2:24  Marine  
  23  2:38  Factory  
  23  2:41  SCV, Engineering Bay  
  24  2:53  SCV  
  24  2:54  Supply Depot  
  25  3:01  SCV  
  25  3:05  SCV  
  27  3:13  Barracks Tech Lab  
  27  3:22  Starport  
  27  3:23  Widow Mine  
  29  3:34  SCV  
  29  3:35  SCV  
  29  3:40  Factory  
  31  3:48  Orbital Command, SCV  
  32  3:49  Missile Turret  
  32  3:51  Marine  
  33  3:58  Refinery  
  33  4:00  SCV, Refinery  
  34  4:12  SCV  
  34  4:13  Missile Turret  
  35  4:24  SCV  
  35  4:29  SCV  
  35  4:31  Widow Mine  
  37  4:33  Hellion  
  37  4:36  Medivac  
  43  4:43  SCV x2  
  45  4:53  Supply Depot  
  45  4:55  Hellion  
  45  4:59  Marine  
  44  5:31  SCV x2  
  44  5:33  Widow Mine  
  46  5:47  Supply Depot  
  46  5:49  Supply Depot  
  46  6:08  Widow Mine, Marine  
  46  6:09  Hellion  
  49  6:12  Barracks  
  44  6:30  Hellion  
  46  6:34  Barracks  
  46  6:36  Barracks  
  46  6:38  Barracks  
  46  6:47  Factory Reactor  
  46  6:50  Orbital Command  
  45  7:03  Marine  
  46  7:29  SCV x2  
  48  7:39  Hellion  
  48  7:41  SCV x2, Factory Reactor  
  48  7:42  Barracks Tech Lab  
  48  7:43  Barracks Reactor  
  48  7:44  Barracks Tech Lab  
  52  7:49  Barracks  
  52  7:51  Medivac  
  54  8:10  Stimpack  
  54  8:29  Supply Depot  
  54  8:33  Supply Depot  
  54  8:47  Supply Depot  
  54  8:51  Hellion, SCV x2, Marine x2, Marauder  
  54  8:53  Supply Depot  
  54  8:55  Medivac  
  64  8:58  Supply Depot  
  64  9:03  SCV x2, Command Center  
  64  9:09  Marine  
  67  9:12  Marauder  
  67  9:13  Marauder  
  67  9:15  SCV  
  67  9:16  Hellion, Supply Depot  
  74  9:22  Supply Depot  
  74  9:30  Marauder, Marine x3  
  79  9:33  Marine x2  
  81  9:48  Marine x2  
  83  10:01  SCV x2  
  83  10:02  Marine  
  83  10:03  Marauder x3  
  83  10:06  Marine x2  
  89  10:20  Marine  
  84  10:24  Marauder  
  84  10:40  Missile Turret  
  84  10:49  Missile Turret  
  84  10:50  Marine x2  
  84  10:51  Marine x4  
  84  10:52  Missile Turret  
  84  10:53  Viking x2  
  94  11:08  Marine x2  
  94  11:09  Marine x4  
  92  11:23  Viking  
  94  11:26  Marine  
  92  11:38  Marine x3  
  92  11:39  Marauder x2  
  99  11:44  Marine  
  100  11:57  Marauder  
  100  11:59  Medivac  
  100  12:00  Marauder  
  106  12:02  Marine x2  
  106  12:03  Marauder, Marine  
  111  12:19  Planetary Fortress  
  111  12:27  SCV x2  
  109  12:39  SCV x2  
  109  12:51  SCV x2  
  110  12:53  Widow Mine x2  
  47  13:25  Liberator  
  33  13:33  Liberator  
  32  13:38  Marauder x2  
  40  13:59  Marauder x2  
  36  14:22  Marine  
  36  14:23  Marauder, Marine x3  
  36  14:24  Marauder  
  43  14:25  Widow Mine  
  29  14:40  Marine  
  29  14:41  Marine x2  
  29  14:44  Marine  
  29  14:45  Marauder  
  23  14:58  Marine  
  24  15:03  Marauder  
  24  15:06  Marauder  
  27  15:11  Factory Tech Lab  
  27  15:17  SCV x2  
  29  15:25  Marine  
  29  15:27  Marauder  
  32  15:28  Barracks Tech Lab  
  32  15:29  SCV x2  
  34  15:41  SCV  
  34  15:46  SCV  
  34  15:49  Refinery  
  35  15:52  Refinery  
  35  15:53  SCV  
  35  15:58  SCV  
  35  15:59  Command Center  
  34  16:06  SCV  
  34  16:07  Combat Shields  
  34  16:08  Concussive Shells  
  34  16:10  Siege Tank  
  38  16:16  SCV  
  38  16:18  SCV  
  40  16:42  Siege Tank  
  43  16:53  SCV x2  
  45  17:05  SCV  
  46  17:11  SCV  
  46  17:14  Siege Tank  
  50  17:17  SCV  
  51  17:23  SCV x2  
  51  17:29  SCV  
  54  17:35  SCV, Marine x3  
  54  17:36  Marine  
  59  17:53  Marine x2  
  61  18:04  SCV x2  
  61  18:05  SCV  
  64  18:06  Marauder x2  
  64  18:11  Marine x2  
  70  18:16  SCV  
  70  18:17  SCV  
  72  18:21  Refinery  
  72  18:23  SCV  
  73  18:28  SCV  
  73  18:29  SCV  
  75  18:34  Marine x4  
  75  18:35  SCV  
  75  18:41  SCV x2  
  82  18:46  Siege Tank  
  82  18:47  SCV  
  86  18:52  Factory, Marine x2  
  86  18:53  Marauder  
  90  19:07  SCV x3  
  93  19:22  Marine  
  93  19:23  Marauder, Marine x2  
  87  19:40  Marine  
  87  19:41  Marauder, Marine  
  87  19:45  Marauder  
  92  19:58  Marine  
  92  19:59  Marauder, Siege Tank  
Show
View Real Time Build Order
Export as new Build Order

Musumeci Zerg - Winner!

Build Orders: Hatch First, Zergling Baneling 

Get SALT Encoding   

  12  0:01  Drone  
  13  0:13  Drone  
  14  0:17  Overlord  
  14  0:28  Drone, Extractor  
  13  0:35  Drone  
  16  0:36  Drone  
  17  0:56  Hatchery  
  16  0:59  Drone  
  17  1:15  Spawning Pool  
  17  1:17  Extractor  
  15  1:19  Drone  
  15  1:23  Drone  
  17  1:26  Drone  
  17  1:30  Drone  
  19  1:41  Overlord  
  19  1:52  Drone  
  20  2:03  Queen  
  20  2:07  Queen  
  24  2:16  Zergling x2  
  24  2:18  Metabolic Boost  
  24  2:20  Drone x2  
  27  2:24  Drone  
  27  2:27  Drone  
  29  2:30  Drone  
  29  2:34  Drone  
  31  2:40  Baneling Nest  
  30  2:48  Queen  
  31  3:04  Drone x2  
  31  3:05  Drone x2  
  35  3:06  Drone  
  35  3:12  Overlord  
  36  3:36  Zergling x14  
  43  3:43  Overlord  
  43  3:55  Zergling x2  
  44  3:57  Overlord x2  
  44  4:20  Baneling x9  
  43  4:41  Zergling x2  
  43  4:42  Zergling x20  
  50  5:00  Baneling x4  
  50  5:02  Zergling x8  
  49  5:34  Zergling x16  
  48  5:52  Zergling x6  
  46  6:21  Zergling x18  
  55  6:29  Baneling x12  
  55  6:30  Zergling x4  
  43  7:04  Zergling x12  
  43  7:08  Lair  
  49  7:10  Drone x6, Extractor  
  49  7:12  Extractor  
  53  7:28  Drone x4  
  53  7:29  Roach Warren  
  54  8:12  Glial Reconstitution  
  54  8:13  Roach  
  54  8:14  Roach x6  
  54  8:17  Overlord  
  54  8:18  Overlord x2  
  68  8:21  Extractor  
  68  8:25  Evolution Chamber  
  66  8:47  Roach  
  66  8:48  Roach x11  
  90  8:57  Hatchery  
  90  8:58  Overlord x2  
  90  8:59  Hatchery  
  90  9:00  Extractor x2  
  86  9:19  Overlord  
  86  9:21  Overlord  
  86  9:24  Overlord  
  86  9:26  Drone  
  86  9:27  Drone x4  
  91  9:35  Ravager x4  
  91  9:36  Ravager  
  96  9:45  Drone x2  
  98  9:49  Drone x3  
  101  10:04  Drone x2  
  101  10:06  Drone  
  87  10:36  Ravager x8  
  87  10:39  Roach  
  87  10:40  Roach x7  
  87  10:42  Overlord x5  
  111  10:45  Queen  
  113  10:51  Drone x3  
  113  10:53  Drone x3  
  113  10:54  Drone  
  102  11:32  Roach x18  
  118  11:43  Roach x2  
  118  11:44  Roach x2  
  126  11:52  Tunneling Claws, Zerg Missile Weapons Level 1  
  126  11:55  Burrow  
  126  12:01  Roach x11  
  149  12:08  Ravager x2  
  149  12:09  Ravager  
  151  12:46  Hydralisk Den  
  151  12:48  Spore Crawler x2  
  151  12:49  Spore Crawler  
  137  12:55  Spore Crawler  
  137  12:57  Spore Crawler x2  
  123  12:58  Spore Crawler x2  
  123  13:00  Spore Crawler x3  
  97  13:05  Spore Crawler x2  
  97  13:07  Spore Crawler  
  58  14:20  Hydralisk Den  
  50  14:28  Roach x2  
  36  14:52  Zergling x28  
  50  14:53  Zergling x20  
  45  15:28  Drone x2  
  45  15:29  Drone x3  
  45  15:30  Drone  
  45  15:32  Roach x2  
  40  15:58  Spore Crawler  
  40  15:59  Spore Crawler  
  40  16:00  Spore Crawler  
  40  16:02  Spore Crawler x2  
  8  16:36  Baneling x3  
  8  16:37  Baneling x6  
  7  17:19  Drone x3  
  10  17:33  Drone  
  11  17:39  Drone  
  12  17:51  Drone  
  12  17:53  Drone  
  14  18:00  Drone  
  15  18:10  Drone  
  15  18:11  Drone  
  17  18:16  Drone  
  17  18:19  Drone  
  19  18:24  Drone  
  20  18:29  Drone  
  20  18:33  Drone  
  22  18:59  Roach x4  
  30  19:12  Roach x2  
  34  19:20  Ravager x2  
  34  19:22  Ravager x2  
  38  19:26  Roach  
  38  19:43  Ravager x2  
  39  19:46  Ravager  
  40  19:54  Roach x2  
  41  20:18  Ravager x2  
  43  20:31  Roach x2  
  43  20:32  Roach  
Show
View Real Time Build Order
Export as new Build Order

MichyMoko Zerg - Winner!

Build Orders: Hatch First, Muta Ling Bane 

Get SALT Encoding   

  12  0:02  Drone  
  13  0:12  Overlord  
  13  0:17  Drone  
  14  0:30  Drone  
  14  0:31  Drone  
  14  0:35  Drone  
  17  0:55  Hatchery  
  16  0:59  Drone  
  17  1:12  Spawning Pool  
  17  1:14  Drone  
  17  1:19  Extractor  
  16  1:27  Drone x2  
  16  1:32  Drone  
  19  1:40  Drone  
  20  1:53  Drone  
  21  2:06  Queen x2  
  25  2:09  Overlord  
  25  2:11  Zergling x2  
  26  2:24  Drone x2  
  28  2:30  Metabolic Boost  
  28  2:31  Zergling x2  
  28  2:32  Zergling x2  
  30  2:48  Queen  
  32  3:02  Overlord  
  32  3:03  Drone x2  
  32  3:04  Drone x2  
  36  3:08  Extractor  
  36  3:11  Zergling x2  
  36  3:19  Baneling Nest  
  35  3:40  Overlord  
  35  3:42  Zergling x2  
  35  3:43  Zergling x4  
  38  3:50  Overlord  
  38  3:51  Overlord  
  38  3:52  Drone x4  
  42  4:03  Baneling x2  
  42  4:04  Baneling x2  
  42  4:16  Baneling  
  42  4:17  Zergling x6  
  42  4:19  Lair  
  45  4:24  Extractor  
  45  4:26  Extractor  
  45  4:27  Drone x3  
  45  4:29  Drone  
  45  4:30  Drone x4  
  45  4:31  Drone  
  52  4:40  Zergling x4  
  45  5:23  Zergling x2  
  45  5:24  Zergling x8  
  50  5:32  Zergling x10  
  53  5:44  Zergling x4  
  48  6:41  Overseer  
  48  6:46  Zergling x4  
  48  6:47  Zergling x6  
  53  6:54  Hatchery  
  52  7:17  Evolution Chamber x2  
  52  7:18  Baneling x3  
  52  7:20  Baneling x5  
  50  7:32  Overlord  
  50  7:33  Zergling x6  
  50  7:34  Zergling x4  
  55  7:37  Centrifical Hooks  
  55  7:39  Baneling  
  55  7:40  Baneling x4  
  55  7:43  Spire  
  54  7:49  Zerg Missile Weapons Level 1  
  54  7:50  Zerg Ground Armor Level 1  
  54  7:54  Zergling x4  
  54  7:55  Zergling x4, Overlord  
  54  7:56  Overlord  
  54  7:57  Zergling x12  
  64  7:59  Baneling  
  64  8:00  Baneling x2  
  64  8:47  Drone x5  
  69  8:58  Mutalisk  
  69  8:59  Mutalisk x12  
  69  9:01  Zergling x4  
  69  9:02  Zergling x2  
  98  9:10  Extractor  
  98  9:11  Extractor  
  96  9:28  Overlord x2  
  96  9:41  Zerg Flyer Armor Level 1  
  84  10:31  Overlord x3  
  75  10:45  Zergling x14  
  75  10:46  Zergling x2  
  79  11:21  Zergling x2  
  79  11:22  Zergling x20  
  88  11:45  Zerg Missile Weapons Level 2  
  88  11:46  Zerg Ground Armor Level 2  
  88  12:00  Mutalisk  
  88  12:01  Mutalisk x7  
  90  12:02  Zergling x2  
  90  12:03  Zergling x18  
  114  12:08  Overseer  
  114  12:09  Overseer  
  114  12:12  Baneling x7  
  114  12:13  Baneling x2  
  114  12:20  Zerg Flyer Weapons Level 1  
  114  12:43  Corruptor x3  
  116  12:46  Overlord x3  
  116  12:47  Overlord  
  120  12:51  Spore Crawler  
  120  12:53  Spore Crawler  
  118  12:58  Spore Crawler  
  118  13:02  Spore Crawler  
  118  13:05  Spore Crawler  
  115  13:07  Spore Crawler  
  115  13:09  Spore Crawler  
  112  13:13  Spore Crawler  
  112  13:16  Zergling x2  
  112  13:17  Zergling x20  
  112  13:18  Zergling x6  
  124  13:27  Spore Crawler  
  124  13:29  Corruptor x5, Spore Crawler  
  132  13:39  Mutalisk  
  132  13:40  Mutalisk x3  
  137  14:02  Corruptor  
  96  14:26  Zergling x6  
  96  14:27  Zergling x4  
  79  14:44  Mutalisk  
  40  15:01  Drone x3  
  41  15:07  Baneling  
  41  15:08  Baneling x2  
  41  15:09  Baneling  
  41  15:36  Hatchery  
  40  15:48  Drone x3  
  40  15:49  Drone  
  44  15:57  Mutalisk  
  44  16:03  Corruptor  
  48  16:11  Corruptor  
  50  16:25  Corruptor  
  50  16:26  Corruptor  
  54  16:33  Mutalisk  
  54  16:37  Corruptor  
  58  16:46  Corruptor  
  60  16:56  Corruptor  
  59  17:15  Corruptor x2  
  61  17:28  Corruptor x2  
  59  17:49  Queen  
  62  18:34  Zergling x2  
  62  19:01  Zergling x2  
  62  19:02  Zergling x38  
  82  19:03  Zergling x20  
  91  19:20  Zergling x14  
  98  19:26  Baneling x3  
  98  19:27  Baneling x4  
  93  19:58  Baneling x4  
  93  19:59  Baneling  
  75  20:10  Zergling x8  
  75  20:11  Zergling x30  
  82  20:32  Zergling x2  
  82  20:33  Zergling x18  
Tags
 
Add a new tag
Caveats
  • Supply blocks, unpowered buildings, or Contaminate may cause inaccurate times.
  • Supply counts are checked every 10 seconds.